 Dungeon Crawl Stone Soup version 0.27-a0-1081-ge8a0a9c698 (webtiles) character file.

Game seed: 14700623681210255876

28 scammafunk the Conjurer (level 2, -2/20 HPs)
             Began as a Demigod Conjurer on Apr 26, 2021.
             Slain by an adder (3 damage)
             ... on level 2 of the Dungeon.
             The game lasted 00:02:53 (1635 turns).

scammafunk the Conjurer (Demigod Conjurer)          Turns: 1635, Time: 00:02:54

Health: -2/20      AC:  2    Str:  8    XL:     2   Next: 75%
Magic:  1/7        EV: 12    Int: 20    God:
Gold:   33         SH:  0    Dex: 12    Spells: 2/5 levels left

rFire    . . .     SeeInvis .   c - +0 falchion
rCold    . . .     Faith    .   (no shield)
rNeg     . . .     Spirit   .   a - +0 robe
rPois    .         Reflect  .   (no helmet)
rElec    .         Harm     .   (no cloak)
rCorr    .         Rampage  .   (no gloves)
Will     .....                  (no boots)
Stlth    ++........             (no amulet)
HPRegen  0.06/turn              (no ring)
MPRegen  0.10/turn              (no ring)

@: no status effects
A: high mp 1, forlorn
a: no special abilities


You were on level 2 of the Dungeon.
You visited 1 branch of the dungeon, and saw 2 of its levels.

You collected 33 gold pieces.

Inventory:

Hand Weapons
 c - a +0 falchion (weapon)
Armour
 a - a +0 robe (worn)
Jewellery
 g - an amulet of regeneration
Scrolls
 b - 4 scrolls of teleportation {unknown}
 e - a scroll of magic mapping {unknown}
 f - a scroll of immolation {unknown}
Potions
 d - 2 potions of heal wounds {unknown}


   Skills:
 + Level 2.1 Dodging
 - Level 1.7 Stealth
 * Level 2.2 Spellcasting
 * Level 4.0 Conjurations


You had 2 spell levels left.
You knew the following spells:

 Your Spells              Type           Power      Damage    Failure   Level
a - Magic Dart            Conj           72%        1d6       3%          1
b - Searing Ray           Conj           36%        3d4       4%          2

Your spell library contained the following spells:

 Spells                   Type           Power      Damage    Failure   Level
 Blink                    Tloc           N/A        N/A       24%         2
 Call Imp                 Summ           2%         N/A       24%         2
 Slow                     Hex            2%         N/A       24%         2
 Conjure Flame            Conj/Fire      10%        6-21      21%         3
 Dazzling Flash           Conj/Hex       20%        N/A       21%         3
 Mephitic Cloud           Conj/Pois/Air  7%         N/A       26%         3
 Fulminant Prism          Conj/Hex       5%         3d7       54%         4
 Iskenderun's Mystic Bla  Conj/Tloc      10%        2d4       54%         4


Dungeon Overview and Level Annotations

Branches:
Dungeon (2/15)


Innate Abilities, Weirdness & Mutations

Your attributes grow dramatically as you level up.
You have an increased reservoir of magic. (+10% MP)
You shall have no god before yourself.


Message History

The magic dart hits the kobold.
You kill the kobold!
An adder comes into view.
The magic dart hits the bat.
You kill the bat!
The adder hisses angrily.
The magic dart hits the adder.
The adder is heavily wounded.
The magic dart hits the adder.
The adder is heavily wounded.
You hit the adder.
The adder is heavily wounded.
The adder misses you.
You riposte.
You barely miss the adder.
The adder is heavily wounded.
The adder closely misses you.
You closely miss the adder.
The adder is heavily wounded.
The adder misses you.
You hit the adder.
The adder is heavily wounded.
The adder closely misses you. The adder bites you.
You are poisoned.
The adder poisons you!
You hit the adder.
The adder is severely wounded.
You feel sick. The adder barely misses you. x2
You miss the adder.
The adder is severely wounded.
You feel sick. The adder bites you. x2
You miss the adder.
The adder is severely wounded.
You feel sick. The adder bites you.
* * * LOW HITPOINT WARNING * * *
You hit the adder.
The adder is severely wounded.
* * * LOW HITPOINT WARNING * * *
You feel sick.
You are no longer poisoned.
The adder bites you.
You die...

### .### ..
...#. #####.
#.....
##.....##......
#..............
.......<.<.....
..>............
.......@S......
...............
.......).......
...............
#........>.....
##.....##.....#
###### ######


You could see an adder.

Vanquished Creatures
  A dart slug (D:1)
  3 ball pythons (D:1)
  5 endoplasms
  A giant cockroach (D:1)
  2 hobgoblins (D:1)
  4 jackals (D:1)
  2 bats
  A frilled lizard (D:1)
  A kobold (D:2)
  2 rats (D:1)
22 creatures vanquished.

Notes
Turn   | Place    | Note
-------+----------+-------------------------------------------
     0 | D:1      | scammafunk the Demigod Conjurer began the quest for the
                  | Orb.
     0 | D:1      | Reached XP level 1. HP: 14/14 MP: 5/5
   729 | D:1      | Reached XP level 2. HP: 11/20 MP: 1/7
  1093 | D:1      | Reached skill level 4 in Conjurations
  1109 | D:1      | Learned a level 2 spell: Searing Ray
  1635 | D:2      | HP: 1/20 [poisoned by an adder]
  1635 | D:2      | Slain by an adder

Illustrated notes

Levels and vault maps discovered:
D:1:      scummos_arrival_hexagon, layout_basic
D:2:      layout_rooms, basic_altar

Skill      XL: |  1  2 |
---------------+-------+-----
Spellcasting   | 2 |  2.2
Dodging        | 2 |  2.1
Conjurations   | 4 |  4.0
Stealth        | |  1.7

Action                   || total
-------------------------++-------
Melee: Falchion          ||    22
 Cast: Magic Dart        ||    43
Armor: Robe              ||     5
Dodge: Dodged            ||    26
       Rpst.: Falchion   ||    10

Table legend: (Time is in decaauts)
 A = Elapsed time spent in this place.
 B = Non-inter-level travel time spent in this place.
 C = Inter-level travel time spent in this place.
 D = Time resting spent in this place.
 E = Time spent auto-exploring this place.
 F = Levels seen in this place.
 G = Mean time per level.
                   A        B        C        D        E       F      G
               +--------+--------+--------+--------+--------+-----+--------+
         Total |   1640 |   1540 |    100 |    146 |   1259 |   2 |  820.0 |
       Dungeon |   1640 |   1540 |    100 |    146 |   1259 |   2 |  820.0 |
               +--------+--------+--------+--------+--------+-----+--------+

Top non-repeatable levels by time:
     D:1: 1623 daAuts
     D:2: 17 daAuts
